 Dungeon Crawl Stone Soup version 0.27.1-33-g824d729ab1 (webtiles) character file.

Game seed: 3894286461921880323

37315 jlumianski the Nimble (level 13, -4/94 HPs)
             Began as a Gnoll Monk on Dec 28, 2021.
             Was a High Priest of Hepliaklqana.
             Slain by Donald (33 damage)
             ... on level 10 of the Dungeon on Dec 29, 2021.
             The game lasted 02:00:47 (20110 turns).

jlumianski the Nimble (Gnoll Monk)                 Turns: 20110, Time: 02:00:48

Health: -4/94      AC: 20    Str: 21    XL:     13   Next: 95%
Magic:  25/25      EV: 16    Int: 13    God:    Hepliaklqana [*****.]
Gold:   783        SH: 17    Dex: 15    Spells: 26/29 levels left

rFire    + . .     SeeInvis .   X - +4 hand axe (freeze)
rCold    . . .     Faith    .   t - +0 kite shield
rNeg     . . .     Spirit   .   L - +3 leather armour {rF+}
rPois    .         Reflect  +   k - +2 hat
rElec    .         Harm     .   A - +0 cloak
rCorr    .         Rampage  .   P - +1 pair of gloves {Str+3}
Will     .....                  v - +2 pair of boots
Stlth    ++++......             a - amulet of reflection
HPRegen  0.25/turn              z - +4 ring of protection
MPRegen  0.19/turn              m - +6 ring of strength

@: no status effects
A: reduced essence, fangs 1, strong nose, distributed training
a: Renounce Religion, Recall Ancestor, Ancestor Identity, Transference, Idealise


You were on level 10 of the Dungeon.
You worshipped Hepliaklqana.
Hepliaklqana was extremely pleased with you.
You visited 4 branches of the dungeon, and saw 17 of its levels.
You visited 1 bazaar.
You also visited: Sewer and Volcano.

You collected 1453 gold pieces.
You spent 670 gold pieces at shops.

Inventory:

Hand Weapons
 d - a +2 war axe of electrocution
 e - a +4 dire flail of venom
 r - a +2 war axe of flaming
 x - a +2 hunting sling of freezing
 J - a +4 vorpal trident
 X - a +4 hand axe of freezing (weapon)
Missiles
 h - 74 poisoned darts
 p - 45 boomerangs (quivered)
 C - 5 datura-tipped darts
 D - 6 throwing nets
 K - 6 boomerangs of dispersal
 U - a curare-tipped dart
 Z - 22 sling bullets
Armour
 k - a +2 hat (worn)
 t - a +0 kite shield (worn)
 v - a +2 pair of boots (worn)
 A - a +0 cloak (worn)
 L - a +3 leather armour of fire resistance (worn)
 P - a +1 pair of gloves of strength (worn)
Magical Staves
 M - a staff of poison
Jewellery
 a - an amulet of reflection (around neck)
 j - a ring of wizardry
 m - a +6 ring of strength (right hand)
 z - a +4 ring of protection (left hand)
 F - a ring of see invisible
 V - a ring of protection from cold
Wands
 b - a wand of flame (108)
 w - a wand of acid (4)
 E - a wand of polymorph (21)
 I - a wand of iceblast (8)
 Q - a wand of digging (7)
Scrolls
 n - a scroll of fear
 q - 2 scrolls of identify
 y - a scroll of immolation
 N - 3 scrolls of teleportation
 R - a scroll of magic mapping
Potions
 c - 4 potions of heal wounds
 f - 2 potions of invisibility
 i - a potion of might
 l - 2 potions of haste
 o - a potion of ambrosia
 B - 3 potions of curing
Miscellaneous
 u - a tin of tremorstones (1/2)


   Skills:
 + Level 10.8 Fighting
 + Level 8.7 Short Blades
 + Level 8.7 Long Blades
 + Level 10.8 Axes
 + Level 8.7 Maces & Flails
 + Level 8.7 Polearms
 + Level 8.7 Staves
 + Level 8.7 Slings
 + Level 8.7 Bows
 + Level 8.7 Crossbows
 + Level 8.7 Throwing
 + Level 8.7 Armour
 + Level 10.8 Dodging
 + Level 9.7 Stealth
 + Level 8.7 Shields
 + Level 8.7 Unarmed Combat
 + Level 8.7 Spellcasting
 + Level 7.3 Conjurations
 + Level 7.3 Hexes
 + Level 7.3 Summonings
 + Level 7.3 Necromancy
 + Level 7.3 Translocations
 + Level 7.3 Transmutations
 + Level 7.3 Fire Magic
 + Level 7.3 Ice Magic
 + Level 7.3 Air Magic
 + Level 7.3 Earth Magic
 + Level 7.3 Poison Magic
 + Level 9.5 Invocations
 + Level 8.7 Evocations


You had 26 spell levels left.
You knew the following spells:

 Your Spells              Type           Power      Damage    Failure   Level
a - Mephitic Cloud        Conj/Pois/Air  24%        N/A       4%          3

Your spell library contained the following spells:

 Spells                   Type           Power      Damage    Failure   Level
 Magic Dart               Conj           96%        1d7       1%          1
 Call Imp                 Summ           24%        N/A       2%          2
 Alistair's Intoxication  Tmut/Pois      16%        N/A       41%         5
 Borgnjor's Vile Clutch   Necr/Erth      12%        N/A       41%         5
 Summon Forest            Summ/Tloc      12%        N/A       41%         5
 Summon Mana Viper        Hex/Summ       24%        N/A       41%         5
 Eringya's Noxious Bog    Tmut/Pois      12%        N/A       94%         6
 Shadow Creatures         Summ           N/A        N/A       94%         6


Dungeon Overview and Level Annotations

Branches:
Dungeon (12/15)            Temple (1/1) D:7            Lair (2/6) D:9
 Spider (0/4) Lair:2          Orc (2/2) D:10          Sewer (visited)
Volcano (visited)
  Swamp: Lair:2-4    Shoals: Lair:2-4       Elf: Orc:2

Altars:
Dithmenos
Fedhas
Gozag
Hepliaklqana
Makhleb
Nemelex Xobeh
Sif Muna
Trog
Wu Jian
Yredelemnul
The Shining One

Shops:
D:5 *   D:6 =   D:8 [   D:10 [   D:11 (!   D:12 *   Orc:2 *

Annotations:
D:7 2 transporters, dnasty's ghost, novice DjFE
D:10 Donald


Innate Abilities, Weirdness & Mutations

Your life essence is reduced to manifest your ancestor. (-10% HP)
You have very sharp teeth.
Your uncanny sense of smell can sniff out nearby items.
Your experience applies equally to all skills.


Message History

You are electrocuted!
Matia points at Donald and mumbles some strange words.
The stone arrow hits Donald!
You hit Donald but do no damage. You bite Donald.
Donald is moderately wounded.
Donald hits you but does no damage.
Matia hits Donald with a +0 quarterstaff!!
Donald blocks your attack.
Donald is heavily wounded.
You block Donald's attack. x2; Donald blocks Matia's attack.
Donald blocks your attack.
Donald is heavily wounded.
You block Donald's attack.
You hit Donald but do no damage. Donald blocks your attack.
Donald is heavily wounded.
Donald says, "If your ancestor was so tough and powerful, how come they're dead?"
Donald casts a spell.
Donald seems to grow stronger.
Matia hits Donald with a +0 quarterstaff.
Aiming: Corrosive Bolt
Press: ? - help, Shift-Dir - straight line, f - Donald
Aim: Donald, wielding a +6 double sword of electrocution, wearing a +0 chain mail and wearing a +0 kite shield of reflection (heavily wounded, fast, strong, ally target, 84% to hit)
The bolt of acid hits Donald!
Donald is splashed with acid.
Donald is severely wounded.
You block Donald's attack.
Donald blocks Matia's attack.
You block Donald's attack.
You hit Donald but do no damage.
Donald is severely wounded.
Matia casts a spell at Donald.
Donald reflects the stone arrow off his +0 kite shield of reflection!
The stone arrow hits Matia!!
Donald hits you with a +6 double sword of electrocution!!!
Aiming: Corrosive Bolt
Press: ? - help, Shift-Dir - straight line, f/p - Donald
Aim: Donald, wielding a +6 double sword of electrocution, wearing a +0 chain mail and wearing a +0 kite shield of reflection (severely wounded, fast, strong, ally target, 84% to hit)
The bolt of acid hits Donald!!
Donald is splashed with acid.
The acid corrodes Donald!
Donald is almost dead.
Donald hits you with a +6 double sword of electrocution!!
You die...

############### #.............#
#.............# #.....)@@.....#
#....∩[R).....#
#########....)))[...[.##
..............)........#
........#.............[##########
........##############......[....
............................).[..
..............))..########.......
######..#######).)# #..#####


You could see the friendly Matia the battlemage and Donald (fast, strong,
corroded, ally target).

Vanquished Creatures
  Rupert (D:12)
  An orc warlord (D:10)
  Josephine (D:11)
  A boulder beetle (D:12)
  Harold (D:10)
  An ogre mage (Volcano)
  9 two-headed ogres
  2 deep trolls
  An ugly thing (D:11)
  2 manticores (D:12)
  The ghost of Fractals the Bolt Thrower, a novice KoHu of Uskayaw (D:5)
  3 elephants
  A molten gargoyle (Volcano)
  Psyche (D:11)
  An unseen horror (D:10)
  A komodo dragon (Lair:1)
  5 trolls
  3 slime creatures (D:12)
  A redback (Lair:2)
  A wyvern (Lair:2)
  2 wraiths (D:11)
  5 yaks
  A fire bat (Volcano)
  A vampire mosquito (D:10)
  An acid dragon (D:11)
  3 water moccasins
  Purgy (Sewer)
  5 orc warriors
  2 sky beasts (D:5)
  3 black bears
  2 necrophages
  11 ogres
  The ghost of Ceno the Insei, an amateur OpTm (D:3)
  3 wolves
  2 phantoms
  5 bullfrogs
  A scorpion (D:5)
  A wyvern skeleton (D:7)
  2 killer bees
  11 wights
  3 howler monkeys
  A lava snake (Volcano)
  2 hounds
  2 jellies
  A gnoll shaman (D:6)
  5 orc priests
  A centaur skeleton (D:7)
  An iguana (D:4)
  7 orc wizards
  A hound skeleton (D:4)
  A howler monkey zombie (D:7)
  13 gnolls
  9 adders
  A shadow imp (D:5)
  An adder skeleton (D:4)
  3 worms
  A dart slug (D:4)
  34 orcs
  5 endoplasms
  5 giant cockroaches
  5 goblins
  5 hobgoblins
  7 jackals
  7 quokkas
  8 ball pythons
  11 bats
  6 frilled lizards
  16 kobolds
  14 rats
277 creatures vanquished.

Vanquished Creatures (collateral kills)
  An ogre mage (Orc:2)
  Erica (D:9)
  A two-headed ogre (D:9)
  A hell knight (Volcano)
  Nergalle (D:12)
  2 orc sorcerers (Orc:1)
  A manticore (D:11)
  A cyclops (D:11)
  3 elephants
  Maurice (D:8)
  A gargoyle (Volcano)
  A cane toad (Lair:1)
  An efreet (D:12)
  3 trolls
  A hornet (D:9)
  A slime creature (D:12)
  A centaur simulacrum (D:11)
  2 wraiths
  2 shadows
  A wyvern (D:10)
  A vampire (D:11)
  7 yaks
  A fire bat (Volcano)
  A basilisk (Lair:2)
  3 vampire mosquitoes (D:10)
  Grum (D:10)
  A steam dragon (D:8)
  A warg (D:10)
  An acid dragon (D:10)
  14 orc warriors
  3 water moccasins (Lair:1)
  5 ogres
  2 centaurs
  A phantom (D:7)
  A bullfrog (D:8)
  3 kobold brigands
  A gnoll sergeant (D:10)
  4 killer bees (D:8)
  2 wights (D:9)
  5 lava snakes (Volcano)
  2 howler monkeys
  2 centaur zombies
  2 orc priests (Orc:1)
  2 jellies
  7 orc wizards
  3 gnolls (D:10)
  A shadow imp (D:8)
  15 orcs
  3 kobolds (D:8)
122 creatures vanquished.

Vanquished Creatures (others)
  18 battlemagi
  An ancestor (D:7)
  3 plants (Lair:1)
22 creatures vanquished.

Grand Total: 421 creatures vanquished

Notes
Turn   | Place    | Note
-------+----------+-------------------------------------------
     0 | D:1      | jlumianski the Gnoll Monk began the quest for the Orb.
     0 | D:1      | Reached XP level 1. HP: 23/23 MP: 1/1
   118 | D:1      | Reached XP level 2. HP: 27/29 MP: 2/2
   751 | D:1      | Reached XP level 3. HP: 35/35 MP: 3/3
  1347 | D:3      | Found a transporter.
  1351 | D:3      | Noticed Ceno's ghost (amateur OpTm)
  1352 | D:3      | Found a transporter.
  1391 | D:2      | Reached skill level 1 in Invocations
  1637 | D:2      | Reached skill level 1 in Short Blades
  1637 | D:2      | Reached skill level 1 in Long Blades
  1637 | D:2      | Reached skill level 1 in Maces & Flails
  1637 | D:2      | Reached skill level 1 in Polearms
  1637 | D:2      | Reached skill level 1 in Staves
  1637 | D:2      | Reached skill level 1 in Slings
  1637 | D:2      | Reached skill level 1 in Bows
  1637 | D:2      | Reached skill level 1 in Crossbows
  1637 | D:2      | Reached skill level 1 in Throwing
  1637 | D:2      | Reached skill level 1 in Armour
  1637 | D:2      | Reached skill level 1 in Shields
  1637 | D:2      | Reached skill level 1 in Unarmed Combat
  1637 | D:2      | Reached skill level 1 in Spellcasting
  1637 | D:2      | Reached skill level 1 in Evocations
  1857 | D:2      | Reached XP level 4. HP: 31/41 MP: 5/5
  2417 | D:2      | Reached skill level 1 in Conjurations
  2417 | D:2      | Reached skill level 1 in Hexes
  2417 | D:2      | Reached skill level 1 in Summonings
  2417 | D:2      | Reached skill level 1 in Necromancy
  2417 | D:2      | Reached skill level 1 in Translocations
  2417 | D:2      | Reached skill level 1 in Transmutations
  2417 | D:2      | Reached skill level 1 in Fire Magic
  2417 | D:2      | Reached skill level 1 in Ice Magic
  2417 | D:2      | Reached skill level 1 in Air Magic
  2417 | D:2      | Reached skill level 1 in Earth Magic
  2417 | D:2      | Reached skill level 1 in Poison Magic
  2555 | D:3      | Found a large runed translucent door.
  2556 | D:3      | Found a large runed translucent door.
  3241 | D:3      | Reached XP level 5. HP: 47/47 MP: 6/6
  3370 | D:3      | Found an opulent altar of Gozag.
  3373 | D:3      | Found a shimmering blue altar of Sif Muna.
  3551 | D:3      | Killed Ceno's ghost
  3657 | D:4      | Noticed a phantom
  3761 | D:4      | Reached XP level 6. HP: 53/53 MP: 8/8
  4050 | D:4      | Found a glowing drain.
  4064 | Sewer    | Entered a sewer
  4199 | Sewer    | Noticed Purgy
  4203 | Sewer    | Killed Purgy
  4437 | D:4      | Reached XP level 7. HP: 37/59 MP: 10/10
  5148 | D:5      | Entered Level 5 of the Dungeon
  5168 | D:4      | Reached skill level 5 in Stealth
  5396 | D:5      | Reached XP level 8. HP: 59/67 MP: 12/12
  5397 | D:5      | Found a glowing golden altar of the Shining One.
  5575 | D:5      | Found Noxiegge's Overcharged Wands.
  5826 | D:5      | Found a runed translucent door.
  5827 | D:5      | Noticed Fractals's ghost (novice KoHu)
  5866 | D:5      | Killed Fractals's ghost
  6635 | D:6      | Found Rutwob's Jewellery Shoppe.
  6639 | D:6      | Bought a ring of see invisible for 180 gold pieces
  6662 | D:6      | Reached XP level 9. HP: 65/72 MP: 14/14
  7844 | D:7      | Found a staircase to the Ecumenical Temple.
  7877 | Temple   | Entered the Ecumenical Temple
  7950 | Temple   | Became a worshipper of Hepliaklqana the Forgotten
  7950 | Temple   | Reached * piety under Hepliaklqana
  7950 | Temple   | Reached ** piety under Hepliaklqana
  8009 | D:7      | Found a transporter.
  8018 | D:7      | Noticed dnasty's ghost (novice DjFE)
  8023 | D:7      | Noticed a troll
  8369 | D:7      | Found a transporter.
  8481 | D:7      | Reached skill level 5 in Invocations
  8582 | D:7      | Found a sparkling altar of Nemelex Xobeh.
  8685 | D:8      | Found Gitogas's Antique Armour Shop.
  8735 | D:8      | Bought a pair of embroidered gloves for 210 gold pieces
  8847 | D:8      | Noticed Maurice
  8857 | D:8      | Killed Maurice
  8858 | D:8      | Reached XP level 10. HP: 57/72 MP: 17/17
  8860 | D:8      | Remembered your ancestor Matia as a battlemage
  9344 | D:8      | Reached skill level 5 in Short Blades
  9344 | D:8      | Reached skill level 5 in Long Blades
  9344 | D:8      | Reached skill level 5 in Maces & Flails
  9344 | D:8      | Reached skill level 5 in Polearms
  9344 | D:8      | Reached skill level 5 in Staves
  9344 | D:8      | Reached skill level 5 in Slings
  9344 | D:8      | Reached skill level 5 in Bows
  9344 | D:8      | Reached skill level 5 in Crossbows
  9344 | D:8      | Reached skill level 5 in Throwing
  9344 | D:8      | Reached skill level 5 in Armour
  9344 | D:8      | Reached skill level 5 in Shields
  9344 | D:8      | Reached skill level 5 in Unarmed Combat
  9344 | D:8      | Reached skill level 5 in Spellcasting
  9344 | D:8      | Reached skill level 5 in Evocations
  9907 | D:9      | Noticed Erica
  9928 | D:9      | Killed Erica
 10002 | D:9      | Reached *** piety under Hepliaklqana
 10023 | D:9      | Found a staircase to the Lair.
 10213 | D:9      | Noticed a two-headed ogre
 10504 | D:9      | Killed a two-headed ogre
 10805 | D:9      | Noticed a two-headed ogre
 10820 | D:9      | Killed a two-headed ogre
 10821 | D:9      | Reached XP level 11. HP: 77/78 MP: 19/19
 11067 | D:10     | Entered Level 10 of the Dungeon
 11113 | D:10     | Reached skill level 5 in Conjurations
 11113 | D:10     | Reached skill level 5 in Hexes
 11113 | D:10     | Reached skill level 5 in Summonings
 11113 | D:10     | Reached skill level 5 in Necromancy
 11113 | D:10     | Reached skill level 5 in Translocations
 11113 | D:10     | Reached skill level 5 in Transmutations
 11113 | D:10     | Reached skill level 5 in Fire Magic
 11113 | D:10     | Reached skill level 5 in Ice Magic
 11113 | D:10     | Reached skill level 5 in Air Magic
 11113 | D:10     | Reached skill level 5 in Earth Magic
 11113 | D:10     | Reached skill level 5 in Poison Magic
 11161 | D:10     | Noticed Harold
 11170 | D:10     | Killed Harold
 11342 | D:10     | Noticed Grum
 11665 | D:10     | Noticed a two-headed ogre
 11680 | D:10     | Killed a two-headed ogre
 11732 | D:10     | Reached **** piety under Hepliaklqana
 11839 | D:10     | Killed Grum
 11940 | D:10     | Found a staircase to the Orcish Mines.
 11947 | D:10     | Found Jufemeuxzig's Armour Emporium.
 12508 | D:11     | Noticed Josephine
 12517 | D:11     | Killed Josephine
 12546 | D:11     | Found Jooqegawk's Distillery.
 12550 | D:11     | Noticed a green ugly thing
 12558 | D:11     | Killed a green ugly thing
 12618 | D:11     | Found Misal's Antique Weapon Emporium.
 12824 | D:11     | Noticed Psyche
 12831 | D:11     | Killed Psyche
 12974 | D:11     | Noticed a manticore
 12983 | D:11     | Killed a manticore
 12984 | D:11     | Reached XP level 12. HP: 65/86 MP: 22/22
 13435 | D:11     | Found a flickering gateway to a bazaar.
 13440 | Bazaar   | Entered a bazaar
 13440 | Bazaar   | Found Iwiff's Antique Weapon Boutique.
 13440 | Bazaar   | Found Ippe's Armour Shop.
 13440 | Bazaar   | Found Guoqiamm's Weapon Shop.
 13462 | Bazaar   | Bought a runed war axe for 195 gold pieces
 13689 | D:11     | Bought a potion of heal wounds for 85 gold pieces
 13878 | D:12     | Found Iridiric's Assorted Antiques.
 14097 | D:12     | Noticed a boulder beetle
 14108 | D:12     | Killed a boulder beetle
 14322 | D:12     | Noticed Nergalle
 14329 | D:12     | Killed Nergalle
 14442 | D:12     | Noticed Rupert
 14446 | D:12     | Paralysed by Rupert for 6 turns
 14461 | D:12     | Killed Rupert
 14462 | D:12     | Reached skill level 10 in Fighting
 14462 | D:12     | Reached skill level 10 in Axes
 14462 | D:12     | Reached skill level 10 in Dodging
 14909 | Lair:1   | Entered Level 1 of the Lair of Beasts
 14956 | Lair:1   | Found a dark tunnel.
 14976 | Lair:1   | Learned a level 3 spell: Mephitic Cloud
 14982 | Volcano  | Entered a volcano
 14982 | Volcano  | Reached ***** piety under Hepliaklqana
 15431 | Volcano  | Found a burning altar of Makhleb.
 15431 | Volcano  | Noticed a two-headed ogre
 15431 | Volcano  | Noticed a two-headed ogre
 15431 | Volcano  | Noticed an ogre mage
 15431 | Volcano  | Noticed a two-headed ogre
 15435 | Volcano  | Noticed a two-headed ogre
 15436 | Volcano  | Killed a two-headed ogre
 15438 | Volcano  | Killed a two-headed ogre
 15438 | Volcano  | Killed a two-headed ogre
 15439 | Volcano  | Killed a two-headed ogre
 15440 | Volcano  | Reached XP level 13. HP: 92/92 MP: 15/24
 15526 | Volcano  | Identified the +1 leather armour of Apathy {Dex+4}
 17026 | Lair:2   | Found a hole to the Spider Nest.
 17244 | Orc:1    | Entered Level 1 of the Orcish Mines
 18068 | Orc:1    | Noticed an orc warlord
 18111 | D:10     | Killed an orc warlord
 18757 | Orc:2    | Entered Level 2 of the Orcish Mines
 18758 | Orc:2    | Noticed Donald
 18791 | Orc:2    | Found Zetoot's Assorted Antiques.
 20110 | D:10     | Slain by Donald

Illustrated notes

Levels and vault maps discovered:
D:1:      elethiomel_arrival_diamonds, layout_basic, minmay_misc_feat_enclosed,
          corexii_leaking_fountain
D:2:      layout_basic
D:3:      layout_loops_ring, jmf_multi_god_temple2, gammafunk_ghost_arena,
          kennysheep_generic_room_6
D:4:      layout_basic, portal_sewer_entry_d
D:5:      layout_cave_pods, kennysheep_mini, gammafunk_ghost_grave,
          chequers_serial_rivers_micro_e, nicolae_shop_overcharged_wands
D:6:      layout_basic, serial_shops, shop, chequers_serial_rivers_micro_b,
          due_unseen_surprise
D:7:      layout_gridville, mainiacjoe_overflow_alcove_2,
          minmay_temple_entry_waves, nzn_ghost_randoct,
          hangedman_abyss_or_decor_passed, grunt_ministairs_10
D:8:      layout_basic, serial_shops, nicolae_shop_statue_plus, uniq_maurice
D:9:      layout_cave_pools, lair_entry_dummy, minivault_19,
          nrook_mini_backslash, kennysheep_boxes, uniq_erica
D:10:     layout_long_grid, orc_david_3, hangedman_abyss_or_decor_slice,
          uniq_harold, uniq_grum
D:11:     layout_layer_cave, serial_shops, bzr_entry_road,
          nicolae_inconvenience_store, shop, uniq_josephine, uniq_psyche
D:12:     layout_loops_corners, serial_shops, nicolae_diamond_shop,
          uniq_nergalle, uniq_rupert
Temple:   hc_temple_tempest_star
Lair:1:   layout_cave_pods, nicolae_volcano_entry_lava_flow, serial_rivers,
          chequers_serial_rivers_large_a, chequers_serial_rivers_micro_c,
          chequers_serial_rivers_micro_d, chequers_serial_rivers_small_3
Lair:2:   layout_loops_ring, spider_nest_entry_a, hangedman_lair_generics_rect
Orc:1:    layout_caves
Orc:2:    st_orc_open, layout_caves, uniq_donald

Skill      XL: |  1  2  3  4  5  6  7  8  9 10 11 12 13 |
---------------+----------------------------------------+-----
Invocations    | 1 2 3 4 5 6 7 8 9 |  9.5
Short Blades   | 1 2 3 4 5 6 7 8 |  8.7
Long Blades    | 1 2 3 4 5 6 7 8 |  8.7
Maces & Flails | 1 2 3 4 5 6 7 8 |  8.7
Polearms       | 1 2 3 4 5 6 7 8 |  8.7
Staves         | 1 2 3 4 5 6 7 8 |  8.7
Slings         | 1 2 3 4 5 6 7 8 |  8.7
Bows           | 1 2 3 4 5 6 7 8 |  8.7
Crossbows      | 1 2 3 4 5 6 7 8 |  8.7
Throwing       | 1 2 3 4 5 6 7 8 |  8.7
Armour         | 1 2 3 4 5 6 7 8 |  8.7
Shields        | 1 2 3 4 5 6 7 8 |  8.7
Unarmed Combat | 1 2 3 4 5 6 7 8 |  8.7
Spellcasting   | 1 2 3 4 5 6 7 8 |  8.7
Evocations     | 1 2 3 4 5 6 7 8 |  8.7
Conjurations   | 1 2 3 4 5 6 7 |  7.3
Hexes          | 1 2 3 4 5 6 7 |  7.3
Summonings     | 1 2 3 4 5 6 7 |  7.3
Necromancy     | 1 2 3 4 5 6 7 |  7.3
Translocations | 1 2 3 4 5 6 7 |  7.3
Transmutations | 1 2 3 4 5 6 7 |  7.3
Fire Magic     | 1 2 3 4 5 6 7 |  7.3
Ice Magic      | 1 2 3 4 5 6 7 |  7.3
Air Magic      | 1 2 3 4 5 6 7 |  7.3
Earth Magic    | 1 2 3 4 5 6 7 |  7.3
Poison Magic   | 1 2 3 4 5 6 7 |  7.3
Fighting       | 7 8 9 10 | 10.8
Axes           | 7 8 9 10 | 10.8
Dodging        | 7 8 9 10 | 10.8
Stealth        | 5 6 7 8 9 |  9.7

Action                   |  1- 3 |  4- 6 |  7- 9 | 10-12 | 13-15 || total
-------------------------+-------+-------+-------+-------+-------++-------
Melee: Hand axe          |    21 |       |       |   222 |   176 ||   419
       Bite              |    17 |    23 |    26 |    53 |    25 ||   144
       Dagger            |   219 |   109 |       |       |       ||   328
       War axe           |       |   101 |   255 |    46 |       ||   402
 Fire: Hunting sling     |       |       |    19 |    17 |       ||    36
Throw: Stone             |    43 |    31 |       |       |       ||    74
       Boomerang         |       |    16 |    29 |    33 |    42 ||   120
       Dart              |       |       |       |    10 |       ||    10
 Cast: Mephitic Cloud    |       |       |       |     3 |    19 ||    22
Invok: Recall Ancestor   |       |       |     1 |     2 |    10 ||    13
       Ancestor Life: Ba |       |       |       |     1 |       ||     1
Evoke: Wand              |       |       |       |     4 |     6 ||    10
       Tin of tremorston |       |       |       |       |     1 ||     1
  Use: Scroll            |       |     8 |     4 |     5 |     7 ||    24
       Potion            |       |       |     4 |     4 |       ||     8
 Stab: Sleeping          |     1 |     7 |       |       |     3 ||    11
       Distracted        |       |       |     1 |     6 |     3 ||    10
       Confused          |       |       |       |     1 |     6 ||     7
Armor: Robe              |     1 |       |       |       |       ||     1
       Ring mail         |    56 |    64 |       |       |       ||   120
       Scale mail        |       |    19 |    85 |       |       ||   104
       Chain mail        |       |       |    45 |    30 |       ||    75
       Plate armour      |       |       |       |   129 |       ||   129
       Leather armour    |       |       |       |     1 |    68 ||    69
Dodge: Dodged            |   138 |   149 |    93 |    63 |   121 ||   564
Block: Kite shield       |       |    26 |   128 |   261 |   199 ||   614
       Reflection        |       |       |       |     6 |     9 ||    15
